 Dungeon Crawl Stone Soup version 0.29.1-12-g30fa7ad0bf (webtiles) character file.

Game seed: 8956297740617462747

1248 concernfroge the Sneak (level 8, -2/38 HPs)
             Began as a Felid Transmuter on Jan 14, 2023.
             Was a Follower of Sif Muna.
             Slain by a yak (10 damage)
             ... on level 7 of the Dungeon.
             The game lasted 00:30:50 (8042 turns).

concernfroge the Sneak (Felid Transmuter)           Turns: 8042, Time: 00:30:51

Health: -2/38      AC:  2    Str:  6    XL:     8   Next: 26%
Magic:  11/13      EV: 25    Int: 15    God:    Sif Muna [*.....]
Gold:   357        SH:  0    Dex: 23    Spells: 3/13 levels left
                                        Lives:  0   Deaths: 2

rFire   . . .      SeeInvis +     - Unarmed
rCold   . . .      Faith    .   (shield unavailable)
rNeg    . . .      Spirit   .   (body armour unavailable)
rPois   .          Reflect  .   (helmet unavailable)
rElec   .          Harm     .   (cloak unavailable)
rCorr   .          Rampage  +   (gloves unavailable)
Will    +....                   (boots unavailable)
Stlth   ++++......              n - amulet of Soinazut {Acrobat Rampage rPois}
HPRegen 0.12/turn               a - ring of flight
MPRegen 0.13/turn               b - ring of wizardry

@: spider-form (expiring), flying
A: venomous fangs, tiny, (claws 1), (fangs 3), see invisible, (speed 1), (shaggy
fur 2), (stealthy paws), no weapons or thrown items, no armour, multi-lived
a: End Transformation, Renounce Religion, Channel Magic


You were on level 7 of the Dungeon.
You worshipped Sif Muna.
Sif Muna was aware of your devotion.
You were a venomous arachnid creature.
You visited 2 branches of the dungeon, and saw 8 of its levels.
You also visited: Ossuary.

You collected 357 gold pieces.

Inventory:

Jewellery
 a - a ring of flight (left front leg)
 b - a ring of wizardry (right front leg)
 h - a ring of magical power
 n - the amulet of Soinazut (around neck) {Acrobat Rampage rPois}
   (You found it on level 4 of the Dungeon)

   [amulet of the acrobat]

   It increases your evasion while moving and waiting.
   rPois:     It protects you from poison.
   Rampage:   It bestows one free step when moving towards enemies.
Scrolls
 d - 3 scrolls of vulnerability
 j - a scroll of fear {unknown}
Potions
 c - 2 potions of flight
 e - a potion of magic
 f - a potion of mutation
 g - a potion of ambrosia
 i - 2 potions of attraction
 k - a potion of curing
 l - a potion of heal wounds


   Skills:
 + Level 5.8 Fighting
 + Level 6.3 Dodging
 + Level 6.6 Stealth
 + Level 5.7 Unarmed Combat
 - Level 3.0 Spellcasting
 - Level 5.0 Transmutations
 + Level 2.3 Ice Magic


You had 3 spell levels left.
You knew the following spells:

 Your Spells              Type           Power      Damage    Failure   Level
a - Beastly Appendage     Tmut           34%        N/A       4%          1
b - Wereblood             Tmut           17%        N/A       4%          2
c - Spider Form           Tmut/Pois      9%         N/A       19%         3
d - Ice Form              Ice/Tmut       13%        N/A       32%         4

Your spell library contained the following spells:

 Spells                   Type           Power      Damage    Failure   Level
 Ozocubu's Armour         Ice            9%         N/A       19%         3
 Dazzling Flash           Conj/Hex       4%         N/A       38%         3
 Fulminant Prism          Conj/Hex       1%         3d6       73%         4
 Iskenderun's Mystic Bla  Conj/Tloc      2%         2d3       73%         4
 Metabolic Englaciation   Hex/Ice        2%         N/A       87%         5
 Lee's Rapid Deconstruct  Erth           1%         3d5*      95%         5
 Simulacrum               Ice/Necr       2%         N/A       100%        6
 Starburst                Conj/Fire      1%         6d3       100%        6


Dungeon Overview and Level Annotations

Branches:
Dungeon (7/15)             Temple (1/1) D:4         Ossuary (visited)

Altars:
Ashenzari
Cheibriados
Elyvilon
Fedhas
Gozag
Hepliaklqana
Kikubaaqudgha
Makhleb
Nemelex Xobeh
Okawaru
Ru
Sif Muna
Trog
Uskayaw
Vehumet
Wu Jian
Xom
Yredelemnul
Zin
The Shining One


Innate Abilities, Weirdness & Mutations

You are a venomous arachnid creature.
You have poisonous fangs.
You are tiny and dextrous.
Your spellcasting is less reliable in this form.
((You have sharp claws.))
((You have razor-sharp teeth.))
You have supernaturally acute eyesight. (SInv)
((You cover ground quickly. (Speed+)))
((You are covered in thick fur. (AC +2)))
((Your paws help you pounce on unaware monsters.))
You are incapable of wielding weapons or throwing items.
You cannot wear armour.
You gain extra lives every three experience levels.


Message History

Your transformation is almost over.
There is an open door here.
You hit the yak.
The yak looks as sick as possible!
The yak is severely wounded.
The yak attacks as you move away! The yak misses you.
The yak attacks as you move away! The yak completely misses you.
The yak attacks as you move away! The yak completely misses you.
There is an open door here.
You kill the yak!
Sif Muna accepts your kill.
Training target 5.0 for Transmutations reached!
Your Transmutations skill increases to level 5!
Your transformation has ended.
Casting: Spider Form (dangerous; 9% risk of failure)
Confirm with . or Enter, or press ? or * to list all spells.
You turn into a venomous arachnid creature.
You hit the yak but do no damage. The yak closely misses you.
You hit the yak.
The yak is poisoned.
The yak is lightly wounded.
The yak misses you.
You hit the yak.
The yak is lightly wounded.
The yak completely misses you.
You hit the yak.
The yak is moderately wounded.
The yak completely misses you.
You bite the yak!
The yak is heavily wounded.
The yak gores you!
Your transformation is almost over.
The yak looks more healthy.
The yak completely misses you.
You hit the yak.
The yak is lightly wounded.
The yak gores you!
You hit the yak but do no damage.
The yak is poisoned.
The yak is lightly wounded.
The yak gores you!
* * * LOW HITPOINT WARNING * * *
The yak attacks as you move away! The yak gores you!
You die...

........'.........'..h.....#
#....####.........####...#.#
..#.## ##.......## ##..#
.#### ##..?..## ##.# .#
##...## #.# # .# ##h## #.#.#
.# #Y##########Y#.###.# .#
#.##...............# .#
##.##s#######.#.#####
.###########...#Y# #.#.#
.........##.<..Yh#######.#)#
########.........)......(..#
######.##.#######.### #.##.#
#.# #.##.. ..# #.##### ###
#.#


You could see 2 yaks and a hound.

Vanquished Creatures
  3 yaks (D:7)
  2 water moccasins (D:6)
  A sky beast (D:7)
  An ice beast (D:6)
  An ogre (D:6)
  A centaur (D:6)
  A phantom (D:4)
  2 scorpions
  A bullfrog (D:7)
  A water moccasin zombie (Ossuary)
  A howler monkey (D:6)
  2 bullfrog zombies (Ossuary)
  2 centaur zombies (Ossuary)
  A hound (D:6)
  A human zombie (Ossuary)
  2 iguanas (D:6)
  A scorpion zombie (Ossuary)
  A mummy (Ossuary)
  3 gnolls (D:7)
  6 adders
  An ufetubus (D:7)
  3 adder zombies (Ossuary)
  A worm (D:2)
  3 dart slugs
  4 orcs
  4 bats
  8 endoplasms
  4 giant cockroaches
  6 gnoll zombies (Ossuary)
  4 goblins
  2 hobgoblins
  2 quokkas
  7 ball pythons
  A frilled lizard (D:2)
  4 goblin zombies (Ossuary)
  8 kobolds
  3 orc zombies (Ossuary)
  3 rats
102 creatures vanquished.

Vanquished Creatures (collateral kills)
  A scorpion (D:4)
1 creature vanquished.

Vanquished Creatures (others)
  5 plants (D:3)
5 creatures vanquished.

Grand Total: 108 creatures vanquished

Notes
Turn   | Place    | Note
-------+----------+-------------------------------------------
     0 | D:1      | concernfroge the Felid Transmuter began the quest for the
                  | Orb.
     0 | D:1      | Reached XP level 1. HP: 9/9 MP: 4/4
   283 | D:1      | Reached skill level 1 in Stealth
   284 | D:1      | Reached XP level 2. HP: 11/12 MP: 4/6
  1139 | D:1      | Learned a level 2 spell: Wereblood
  1570 | D:2      | Reached XP level 3. HP: 13/16 MP: 5/7
  2274 | D:3      | Found a shimmering altar of Xom.
  2778 | D:3      | Found a blossoming altar of Fedhas.
  2948 | D:3      | Learned a level 3 spell: Spider Form
  3201 | D:4      | Reached XP level 4. HP: 19/19 MP: 6/8
  3321 | D:4      | Noticed a phantom
  3334 | D:4      | Killed a phantom
  3335 | D:4      | Reached XP level 5. HP: 23/23 MP: 9/9
  3980 | D:4      | Identified the amulet of Soinazut {Acrobat Rampage rPois}
  4016 | D:4      | Found a staircase to the Ecumenical Temple.
  4025 | Temple   | Entered the Ecumenical Temple
  4105 | Temple   | Became a worshipper of Sif Muna the Loreminder
  4153 | D:4      | HP: 1/23 [scorpion (7)]
  4154 | D:4      | Succumbed to a scorpion's poison
  4155 | D:4      | Reached XP level 4. HP: -1/20 MP: 8/8
  4298 | D:5      | Entered Level 5 of the Dungeon
  4383 | D:4      | Killed a scorpion
  4384 | D:4      | Reached XP level 5. HP: 7/24 MP: 7/9
  4662 | D:5      | Noticed an ogre
  4942 | D:6      | Found a sand-covered staircase.
  4947 | Ossuary  | Entered an ossuary
  5043 | Ossuary  | Gained mutation: You are covered in thick fur. (AC +2)
                  | [Felid growth]
  5043 | Ossuary  | Reached XP level 6. HP: 22/28 MP: 7/10
  5224 | Ossuary  | Reached skill level 5 in Dodging
  5425 | Ossuary  | Reached skill level 5 in Stealth
  5432 | Ossuary  | Noticed a silent spectre
  5933 | D:6      | Noticed an ice beast
  5957 | D:6      | Killed an ice beast
  5958 | D:6      | Reached XP level 7. HP: 22/31 MP: 8/11
  5997 | D:6      | Reached skill level 5 in Unarmed Combat
  6235 | D:6      | Reached skill level 5 in Fighting
  6240 | D:6      | Learned a level 4 spell: Ice Form
  6276 | D:6      | Reached * piety under Sif Muna
  6318 | D:6      | HP: 1/33 [water moccasin (8)]
  6321 | D:6      | Reached XP level 8. HP: 13/37 MP: 11/13
  6324 | D:6      | Slain by a water moccasin
  6325 | D:6      | Reached XP level 7. HP: 0/33 MP: 11/12
  6448 | D:6      | Reached skill level 1 in Ice Magic
  7377 | D:7      | Noticed a yak
  7380 | D:7      | Noticed a yak
  7385 | D:7      | Noticed a yak
  7389 | D:7      | Noticed a yak
  7430 | D:7      | Killed a yak
  7704 | D:7      | Noticed a yak
  7752 | D:7      | Killed a yak
  7753 | D:7      | Reached XP level 8. HP: 20/38 MP: 8/13
  8020 | D:7      | Reached skill level 5 in Transmutations
  8042 | D:7      | Slain by a yak

Illustrated notes

Levels and vault maps discovered:
D:1:      roderic_dead_forest, layout_basic, minmay_pentomino_q4
D:2:      layout_loops_ring, minivault_5
D:3:      layout_loops_ring, mainiacjoe_overflow_concentric_impassable,
          xom_teletrap_fun, serial_bayou_pond_a, serial_park_tiny_1
D:4:      layout_loops_corners, minmay_temple_entry_antechambers,
          serial_bayou_pond_b
D:5:      layout_rooms, minmay_circle_x
D:6:      layout_basic, enter_ossuary_2, dreamdust_wishing_well
D:7:      layout_loops_corners, old_standard_altar, hangedman_glass_teeth,
          minivault_24, corner_web_ring
Temple:   compressed_dpeg_circular_temple

Skill      XL: |  1  2  3  4  5  6  7  8 |
---------------+-------------------------+-----
Stealth        | 1 2 3 4 5 6 |  6.6
Dodging        | 3 4 5 6 |  6.3
Fighting       | 2 3 5 |  5.8
Transmutations | 3 4 5 |  5.0
Unarmed Combat | 4 5 |  5.7
Spellcasting   | 3 |  3.0
Ice Magic      | 2 |  2.3

Action                   |  1- 3 |  4- 6 |  7- 9 || total
-------------------------+-------+-------+-------++-------
Melee: Unarmed           |    95 |   159 |   118 ||   372
       Headbutt          |    10 |    30 |    14 ||    54
       Punch             |     2 |    10 |     4 ||    16
       Bite              |     7 |    20 |     7 ||    34
 Cast: Beastly Appendage |    23 |    16 |    12 ||    51
       Wereblood         |       |     7 |     7 ||    14
       Spider Form       |       |       |     7 ||     7
  Use: Scroll            |       |    14 |     5 ||    19
       Potion            |       |     3 |     3 ||     6
 Stab: Sleeping          |    11 |     6 |     3 ||    20
Armor: Skin              |     4 |    26 |     7 ||    37
Dodge: Dodged            |    50 |   154 |   149 ||   353
